 Dungeon Crawl Stone Soup version 0.31-a0-221-gbddc013574 (webtiles) character file.

Game seed: 3593842004155764788

90 ryw the Chopper (level 4, -6/37 HPs)
             Began as a Human Fighter on July 4, 2023.
             Killed by nerve-wracking pain
             ... invoked by Grinder
              (11 damage)
             ... while paralysed by Grinder
             ... on level 3 of the Dungeon.
             The game lasted 00:02:54 (2310 turns).

ryw the Chopper (Human Fighter)                     Turns: 2310, Time: 00:02:55

Health: -6/37      AC:  6    Str: 18    XL:     4   Next: 85%
Magic:  4/4        EV:  2    Int:  9    God:
Gold:   128        SH:  0    Dex: 12    Spells: 3/3 levels left

rFire   . . .        a - +0 war axe
rCold   . . .        c - +0 buckler
rNeg    . . .        b - +0 scale mail
rPois   .            (no helmet)
rElec   .            (no cloak)
rCorr   .            (no gloves)
SInv    .            (no boots)
Will    .....        (no amulet) Stlth
                     (no ring)
HPRegen 0.26/turn    (no ring)
MPRegen 0.09/turn

%: no passive effects
@: paralysed, mighty
A: no striking features
a: no special abilities


You were on level 3 of the Dungeon.
You visited 1 branch of the dungeon, and saw 3 of its levels.

You collected 128 gold pieces.

Inventory:

Hand Weapons
 a - a +0 war axe (weapon)
Missiles
 k - 4 atropa-tipped darts
 n - 15 poisoned darts (quivered)
Armour
 b - a +0 scale mail (worn)
 c - a +0 buckler (worn)
Jewellery
 l - a ring of resist corrosion
Scrolls
 e - 2 scrolls of identify {unknown}
 o - a scroll of fear {unknown}
 p - a scroll of amnesia {unknown}
 q - a scroll of noise {unknown}
 r - a scroll of teleportation {unknown}
 s - a scroll of enchant weapon {unknown}
Potions
 d - 2 potions of might
 f - a potion of berserk rage {unknown}
 g - 2 potions of heal wounds {unknown}
 h - a potion of mutation {unknown}
 i - a potion of curing {unknown}
 j - a potion of degeneration {unknown}
 m - 2 potions of haste {unknown}


   Skills:
 + Level 3.8 Fighting
 * Level 3.9 Axes
 - Level 3.0 Armour
 - Level 3.0 Shields


You had 3 spell levels left.
You didn't know any spells.
Your spell library was empty.

Dungeon Overview and Level Annotations

Branches:
Dungeon (3/15)

Altars:
Trog

Annotations:
D:2 1 runed translucent door, Crazy Yiuf
D:3 Grinder


Message History

Grinder blinks!
No target in view!
Throw: 17 darts (poison)
Press: ? - help, Q - select action, (/) - cycle Shift-Dir - straight line, f/p - Grinder
Aim: Grinder (53% to hit)
You throw a poisoned dart. The poisoned dart hits Grinder.
Throw: 16 darts (poison)
Press: ? - help, Q - select action, (/) - cycle Shift-Dir - straight line, f/p - Grinder
Aim: Grinder (53% to hit)
You throw a poisoned dart.
The poisoned dart closely misses Grinder.
You slash Grinder!
Grinder is moderately wounded.
Grinder gestures at you. Pain shoots through your body!
You barely miss Grinder.
Grinder is moderately wounded.
Grinder closely misses you.
You slash Grinder!
Grinder is heavily wounded.
Grinder hits you but does no damage. Grinder hits you.
You writhe in agony.
You closely miss Grinder.
Grinder is heavily wounded.
Grinder hits you.
You writhe in agony.
You slash Grinder!
Grinder is severely wounded.
Grinder hits you.
You writhe in agony.
* * * LOW HITPOINT WARNING * * *
Unknown command.
You feel very mighty all of a sudden. You block Grinder's attack.
Grinder attacks as you move away! Grinder hits you.
* * * LOW HITPOINT WARNING * * *
You writhe in agony.
* * * LOW HITPOINT WARNING * * *
Grinder gestures at you.
You suddenly lose the ability to move!
Grinder gestures at you. Pain shoots through your body!
You die...

#.>..............
#...†........#.##
#...........<..#
#..#####.########
#................
#.######.#####...
#.# #.# #...
##.######..
......
#@.5.(..###
##.... #.......#
#.### #.......#
#. #......... #
#.......##
#...(.#.#
#..####.# ..##
####


You could see Grinder.

Vanquished Creatures
  Jessica (D:2)
  An adder (D:2)
  A dart slug (D:2)
  An orc (D:3)
  3 ball pythons
  An endoplasm (D:2)
  3 giant cockroaches
  2 goblins
  A hobgoblin (D:1)
  10 jackals
  6 kobolds
  2 quokkas
  6 bats
  4 frilled lizards
  6 rats
48 creatures vanquished.

Notes
Turn   | Place    | Note
-------+----------+-------------------------------------------
     0 | D:1      | ryw the Human Fighter began the quest for the Orb.
     0 | D:1      | Reached XP level 1. HP: 18/18 MP: 1/1
   184 | D:1      | Reached XP level 2. HP: 24/24 MP: 2/2
   701 | D:1      | Reached XP level 3. HP: 27/29 MP: 3/3
  1130 | D:2      | Found a faded altar of an unknown god.
  1237 | D:2      | Found the amulet of the Air {Inacc Air Fly rElec RMsl}
  1280 | D:2      | Found a bloodstained altar of Trog.
  1531 | D:2      | Found a runed translucent door.
  1532 | D:2      | Noticed Crazy Yiuf
  1592 | D:2      | Noticed Jessica
  1598 | D:2      | Killed Jessica
  1599 | D:2      | Reached XP level 4. HP: 37/37 MP: 4/4
  2298 | D:3      | Noticed Grinder
  2309 | D:3      | Paralysed by Grinder for 3 turns
  2310 | D:3      | Killed from afar by Grinder

Illustrated notes

Levels and vault maps discovered:
D:1:      lemuel_arrival_muddy, layout_basic
D:2:      layout_basic, shapermc_ecumenical_altar_mp_ritualfount, basic_altar,
          uniq_jessica, uniq_crazy_yiuf_cottage
D:3:      layout_basic, interstate_on_off, nicolae_figureground_sparkle,
          uniq_grinder

Skill      XL: |  1  2  3 |
---------------+----------+-----
Axes           | 3 |  3.9
Fighting       | |  3.8
Armour         | |  3.0
Shields        | |  3.0

Action                     |  1- 3 |  4- 6 || total
---------------------------+-------+-------++-------
  Melee: War axe           |    95 |    58 ||   153
  Throw: Dart              |       |     3 ||     3
    Use: Potion            |       |     1 ||     1
 Armour: Scale mail        |    44 |    21 ||    65
  Dodge: Dodged            |    44 |    24 ||    68
  Block: Buckler           |    28 |    16 ||    44

Table legend: (Time is in decaauts)
 A = Elapsed time spent in this place.
 B = Non-inter-level travel time spent in this place.
 C = Inter-level travel time spent in this place.
 D = Time resting spent in this place.
 E = Time spent auto-exploring this place.
 F = Levels seen in this place.
 G = Mean time per level.
                   A        B        C        D        E       F      G
               +--------+--------+--------+--------+--------+-----+--------+
         Total |   2374 |   2300 |     74 |     19 |   1864 |   3 |  791.3 |
       Dungeon |   2374 |   2300 |     74 |     19 |   1864 |   3 |  791.3 |
               +--------+--------+--------+--------+--------+-----+--------+

Top non-repeatable levels by time:
     D:1: 1127 daAuts
     D:2: 713 daAuts
     D:3: 533 daAuts
